 Dungeon Crawl Stone Soup version 0.29.1 (webtiles) character file.

Game seed: 11074020348294278244

42 pacmanke6689 the Slasher (level 3, -2/28 HPs)
             Began as a Demonspawn Gladiator on Sept 15, 2022.
             Slain by Sigmund
             ... wielding a +2 scythe of flaming
              (4 damage)
             ... on level 2 of the Dungeon.
             The game lasted 00:03:03 (1454 turns).

pacmanke6689 the Slasher (Demonspawn Gladiator)     Turns: 1454, Time: 00:03:03

Health: -2/28      AC:  4    Str: 14    XL:     3   Next: 35%
Magic:  3/3        EV: 12    Int:  9    God:
Gold:   62         SH:  0    Dex: 16    Spells: 2/2 levels left

rFire   . . .      SeeInvis .   a - +0 long sword
rCold   . . .      Faith    .   (no shield)
rNeg    . . .      Spirit   .   b - +1 leather armour
rPois   .          Reflect  .   (helmet restricted)
rElec   .          Harm     .   (no cloak)
rCorr   .          Rampage  .   (no gloves)
Will    .....                   (no boots)
Stlth   +.........              (no amulet)
HPRegen 0.09/turn               (no ring)
MPRegen 0.08/turn               (no ring)

@: confused, mighty
A: antennae 1, powered by death 1
a: no special abilities


You were on level 2 of the Dungeon.
You visited 1 branch of the dungeon, and saw 2 of its levels.

You collected 62 gold pieces.

Inventory:

Hand Weapons
 a - a +0 long sword (weapon)
Armour
 b - a +1 leather armour (worn)
 c - a +0 helmet
Jewellery
 j - a ring of protection from fire
Scrolls
 d - a scroll of teleportation
 h - a scroll of blinking
Potions
 e - a potion of curing
 f - a potion of attraction {unknown}
 g - a potion of haste {unknown}
 i - a potion of might
 k - a potion of flight {unknown}
 l - a potion of brilliance {unknown}


   Skills:
 + Level 2.3 Fighting
 + Level 3.2 Long Blades
 - Level 1.7 Throwing
 + Level 0.7 Armour
 + Level 3.2 Dodging


You had 2 spell levels left.
You didn't know any spells.
Your spell library was empty.

Dungeon Overview and Level Annotations

Branches:
Dungeon (2/15)

Altars:
Gozag

Annotations:
D:2 Sigmund


Innate Abilities, Weirdness & Mutations

You have a pair of small antennae on your head.
You regenerate a little health from kills.


Message History

The frilled lizard hisses angrily.
A frilled lizard comes into view.
The frilled lizard barely misses you.
You hit the frilled lizard.
You kill the frilled lizard!
The frilled lizard barely misses you.
You see here a frilled lizard corpse.
You barely miss the frilled lizard. The frilled lizard closely misses you.
You barely miss the frilled lizard.
The frilled lizard bites you but does no damage.
The frilled lizard bites you.
You closely miss the frilled lizard. The frilled lizard misses you.
You closely miss the frilled lizard. The frilled lizard closely misses you.
You hit the frilled lizard.
You kill the frilled lizard!
You see here a frilled lizard corpse.
There is an escape hatch in the floor here.
Sigmund the Dreaded comes into view.
He is wielding a +2 scythe of flaming and wearing a +2 robe of cold resistance.
Sigmund is nearby!
Sigmund shouts!
Sigmund casts a spell at you. The puff of flame hits you!
It was a potion of might.
You feel very mighty all of a sudden.
Sigmund hits you from afar with a +2 scythe of flaming.
Sigmund burns you.
Sigmund points at you and mumbles some strange words.
You resist with significant effort.
You slash Sigmund!
Sigmund is heavily wounded.
Sigmund hits you with a +2 scythe of flaming.
Sigmund burns you.
You closely miss Sigmund.
Sigmund is heavily wounded.
Sigmund gestures at you while chanting.
You are confused.
Sigmund hits you from afar with a +2 scythe of flaming!
* * * LOW HITPOINT WARNING * * *
Sigmund burns you.
You die...

........#..............
#........#..............
#........#..............
#........#....).......†.
#........#............<.
#........#..............
#.......@#######.#####.#
#.........# #.#####.#
#......@..######.......#
#.......................
##.#####...............#
# ###.#############.#
#....>.......#....#
+............#.##.#
#............#.##.#
#......(†....#.##.#
#.......†....'.##)#


You could see Sigmund.

Vanquished Creatures
  An adder (D:2)
  A dart slug (D:2)
  4 endoplasms
  2 giant cockroaches (D:1)
  A goblin (D:2)
  2 hobgoblins
  2 jackals (D:1)
  2 quokkas (D:1)
  2 ball pythons
  2 bats (D:2)
  3 frilled lizards
  3 kobolds
  5 rats
30 creatures vanquished.

Notes
Turn   | Place    | Note
-------+----------+-------------------------------------------
     0 | D:1      | pacmanke6689 the Demonspawn Gladiator began the quest for
                  | the Orb.
     0 | D:1      | Reached XP level 1. HP: 16/16 MP: 1/1
   130 | D:1      | Gained mutation: You regenerate a little health from kills.
                  | [demonic ancestry]
   130 | D:1      | Reached XP level 2. HP: 22/22 MP: 2/2
   463 | D:1      | Found a faded altar of an unknown god.
   546 | D:2      | Found an opulent altar of Gozag.
   941 | D:2      | Gained mutation: You have a pair of small antennae on your
                  | head. [demonic ancestry]
   941 | D:2      | Reached XP level 3. HP: 17/27 MP: 3/3
  1355 | D:2      | Identified the +12 dagger of Fequmny {spect, Will++}
  1446 | D:2      | Noticed Sigmund
  1454 | D:2      | Slain by Sigmund

Illustrated notes

Levels and vault maps discovered:
D:1:      spicycebolla_green_bress_n_ham, layout_basic,
          shapermc_ecumenical_altar_mp_vishouse
D:2:      layout_basic, basic_altar, uniq_sigmund

Skill      XL: |  1  2 |
---------------+-------+-----
Dodging        | 3 |  3.2
Long Blades    | 3 |  3.2
Fighting       | |  2.3
Throwing       | |  1.7
Armour         | |  0.7

Action                   || total
-------------------------++-------
Melee: Long sword        ||    75
       Punch             ||     1
  Use: Scroll            ||     6
       Potion            ||     1
 Stab: Sleeping          ||     1
Armor: Leather armour    ||    16
Dodge: Dodged            ||    51
